 Dungeon Crawl Stone Soup version 0.29-a0-322-g68df515 (webtiles) character file.

Game seed: 10879159919286433907

11267 Toastz the Fighter (level 12, 0/94 HPs)
             Began as a Djinni Air Elementalist on Apr 7, 2022.
             Was an Elder of Fedhas.
             Slain by a komodo dragon (24 damage)
             ... on level 1 of the Lair of Beasts.
             The game lasted 00:31:54 (9671 turns).

Toastz the Fighter (Djinni Air Elementalist)        Turns: 9671, Time: 00:31:55

Health: 0/94       AC: 12    Str:  7    XL:     12   Next: 5%
Gold:   680        EV: 12    Int: 22    God:    Fedhas [****..] SH:  0 Dex: 20

rFire   + + .      SeeInvis .   a - +8 dagger of Hogof {vorpal, rPois}
rCold   x . .      Faith    .   (no shield)
rNeg    . . .      Spirit   .   M - +2 acid dragon scales
rPois   ∞          Reflect  .   (no helmet)
rElec   .          Harm     .   (no cloak)
rCorr   +          Rampage  .   (no gloves)
Will    +....                   (boots unavailable)
Stlth   ++........              w - amulet of regeneration
HPRegen 1.05/turn               G - +6 ring of dexterity
MPRegen 0.00/turn               O - +4 ring of protection

@: flying
A: sickness immunity, fire resistance 2, cold vulnerability 1, float, innate
caster, HP casting, extra vitality 1
a: Renounce Religion, Wall of Briars, Grow Ballistomycete, Overgrow


You were on level 1 of the Lair of Beasts.
You worshipped Fedhas.
Fedhas was greatly pleased with you.
You visited 2 branches of the dungeon, and saw 12 of its levels.

You collected 680 gold pieces.

Inventory:

Hand Weapons
 a - the +8 dagger of Hogof (weapon) {vorpal, rPois}
   (You found it on level 3 of the Dungeon)

   It inflicts extra damage upon your enemies.
   rPois:     It protects you from poison.
 b - a +3 hunting sling
 I - a +2 dagger of venom
 J - a +2 vorpal long sword
Missiles
 D - 2 javelins
Armour
 v - the +1 ring mail of Tapiatwi {rF+}
   (You found it on level 3 of the Dungeon)

   rF:        It protects you from fire.
 z - a +0 ring mail of cold resistance
 M - +2 acid dragon scales (worn)
Jewellery
 f - an amulet of reflection
 w - an amulet of regeneration (around neck)
 y - an amulet of the acrobat
 G - a +6 ring of dexterity (left hand)
 L - a ring of ice
 O - a +4 ring of protection (right hand)
Wands
 h - a wand of digging (3)
 C - a wand of mindburst (18)
 H - a wand of flame (10)
Scrolls
 d - a scroll of fear {unknown}
 e - 2 scrolls of fog
 k - 2 scrolls of magic mapping {unknown}
 o - 2 scrolls of enchant armour
 r - 3 scrolls of vulnerability
 s - 2 scrolls of amnesia {unknown}
 t - 8 scrolls of teleportation
 u - 4 scrolls of immolation {unknown}
 E - 2 scrolls of blinking {unknown}
 K - a scroll of brand weapon {unknown}
 N - a scroll of enchant weapon {unknown}
 P - a scroll of summoning {unknown}
Potions
 c - 5 potions of mutation
 g - 2 potions of cancellation {unknown}
 i - 7 potions of curing
 j - a potion of ambrosia {unknown}
 l - 3 potions of flight {unknown}
 m - a potion of berserk rage {unknown}
 n - 3 potions of might
 p - 2 potions of lignification {unknown}
 q - 2 potions of attraction {unknown}
 x - a potion of resistance {unknown}
 A - a potion of haste {unknown}
 B - 4 potions of degeneration {unknown}
 F - a potion of brilliance {unknown}


   Skills:
 * Level 11.3 Fighting
 + Level 2.8 Armour
 - Level 3.0 Dodging
 - Level 1.5 Stealth
 * Level 10.1 Spellcasting
 - Level 6.0 Invocations


You had 8 spell levels left.
You knew the following spells:

 Your Spells              Type           Power      Damage    Failure   Level
a - Shock                 Conj/Air       100%       1d9       1%          1
b - Static Discharge      Conj/Air       54%        N/A       1%          2
c - Swiftness             Air            54%        N/A       1%          3
d - Airstrike             Air            27%        N/A       1%          4
e - Flame Wave            Conj/Fire      54%        2d11      1%          4
f - Ensorcelled Hibernat  Hex/Ice        100%       N/A       1%          2
g - Ozocubu's Armour      Ice            54%        N/A       1%          3
h - Dazzling Flash        Conj/Hex       100%       N/A       1%          3
i - Beastly Appendage     Tmut           100%       N/A       1%          1
Your spell library was empty.

Dungeon Overview and Level Annotations

Branches:
Dungeon (11/15)            Temple (0/1) D:6            Lair (1/6) D:10
    Orc: D:9-12

Altars:
Elyvilon
Fedhas
Makhleb
Nemelex Xobeh
Uskayaw
Vehumet
Wu Jian

Shops:
D:6 (


Innate Abilities, Weirdness & Mutations

You are immune to sickness and miasma.
You are immune to poison.
Your flesh is very heat resistant. (rF++)
You are vulnerable to cold. (rC-)
You float through the air rather than walking.
You learn spells naturally, not from books.
Your magical power is your life essence.
You have superior vitality. (+4 MHP)


Message History

You kill the yak!
Fedhas appreciates your contribution to the ecosystem.
The flame wave engulfs the yak!
You kill the yak!
Fedhas appreciates your contribution to the ecosystem.
* * * LOW HITPOINT WARNING * * *
A komodo dragon comes into view.
A wave of flame ripples out!
The flame wave engulfs the bullfrog!
The bullfrog is severely wounded.
The flame wave engulfs the komodo dragon!
The komodo dragon is moderately wounded.
* * * LOW HITPOINT WARNING * * *
You finish channelling waves of flame.
The bullfrog closely misses you.
Casting: Flame Wave (mildly dangerous; 1% risk of failure)
Confirm with . or Enter, or press ? or * to list all spells.
Aiming: Airstrike (mildly dangerous; 1% risk of failure)
Press: ? - help, Dir - move target, f - bullfrog
Aim: a bullfrog (severely wounded, empty space bonus: 7/8)
Okay, then.
Casting: Airstrike (mildly dangerous; 1% risk of failure)
Confirm with . or Enter, or press ? or * to list all spells.
Casting: Flame Wave (mildly dangerous; 1% risk of failure)
Press: ? - help, Dir - look around, f - activate A wave of flame ripples out!
The flame wave engulfs the bullfrog!
You kill the bullfrog!
Fedhas appreciates your contribution to the ecosystem. (Press . to intensify the flame waves.)
* * * LOW HITPOINT WARNING * * *
A wave of flame ripples out!
The flame wave engulfs the komodo dragon.
The komodo dragon is moderately wounded.
* * * LOW HITPOINT WARNING * * *
The komodo dragon bites you but does no damage.
A wave of flame ripples out!
The flame wave engulfs the komodo dragon!
The komodo dragon is heavily wounded.
* * * LOW HITPOINT WARNING * * *
You finish channelling waves of flame.
The komodo dragon bites you!!
You die...
Fedhas appreciates your contribution to the ecosystem.

.. #....... ...
...#......#....
...#......+.... .......
..............
......#..........(... ..
......#.....#......# ...
............#..†.†.#....
......#.........@l.#./..
.#.##.......##..+##.....
........................
........................
........................
........................
......(....#####'#.#....
...........## ##.###....
.##.#P.#....###...# ...


You could see a komodo dragon.

Vanquished Creatures
  2 two-headed ogres
  A centaur warrior (D:10)
  Pikel (D:7)
  A cane toad (Lair:1)
  2 kobold demonologists (D:10)
  2 komodo dragons
  4 trolls
  A hornet (D:10)
  A shadow (D:11)
  A vampire (D:9)
  3 wyverns
  9 yaks
  3 vampire mosquitoes (D:11)
  An acid dragon (D:10)
  2 water moccasins
  2 orc warriors
  2 sky beasts
  An ice beast (D:6)
  A black bear (D:6)
  2 ogres (D:5)
  A centaur (D:9)
  2 lemures (D:6)
  2 phantoms
  5 kobold brigands
  9 bullfrogs
  3 scorpions
  11 wights
  4 killer bees (D:9)
  7 howler monkeys
  A crimson imp (D:6)
  3 jellies
  3 orc priests
  3 hounds
  3 gnoll shamans
  3 iguanas
  9 orc wizards
  15 gnolls
  7 adders
  2 shadow imps (D:7)
  A white imp (D:7)
  3 worms
  5 dart slugs
  24 orcs
  3 endoplasms
  2 giant cockroaches (D:2)
  5 goblins
  2 hobgoblins
  2 quokkas
  8 ball pythons
  A bat (D:3)
  A frilled lizard (D:1)
  15 kobolds
  4 rats
211 creatures vanquished.

Vanquished Creatures (others)
  14 fungi (D:10)
  16 plants
30 creatures vanquished.

Grand Total: 241 creatures vanquished

Notes
Turn   | Place    | Note
-------+----------+-------------------------------------------
     0 | D:1      | Toastz the Djinni Air Elementalist began the quest for the
                  | Orb.
     0 | D:1      | Reached XP level 1. HP: 15/15 MP: 0/0
   229 | D:1      | Found a faded altar of an unknown god.
   309 | D:1      | Reached XP level 2. HP: 18/22 MP: 0/0
   493 | D:1      | Reached skill level 1 in Fighting
  1028 | D:2      | Reached XP level 3. HP: 22/27 MP: 0/0
  1028 | D:2      | Learned a level 1 spell: Beastly Appendage
  1793 | D:2      | Reached skill level 2 in Fighting
  2391 | D:3      | Identified the +1 ring mail of Tapiatwi {rF+}
  2482 | D:3      | Reached XP level 4. HP: 23/33 MP: 0/0
  2498 | D:3      | Identified the +8 dagger of Hogof {vorpal, rPois}
  3018 | D:3      | Reached XP level 5. HP: 40/40 MP: 0/0
  3018 | D:3      | Learned a level 2 spell: Ensorcelled Hibernation
  3019 | D:3      | Reached skill level 3 in Fighting
  3150 | D:4      | Noticed a phantom
  3157 | D:4      | Killed a phantom
  3158 | D:4      | Reached XP level 6. HP: 41/47 MP: 0/0
  3163 | D:4      | Reached skill level 4 in Fighting
  3204 | D:4      | Found a white marble altar of Elyvilon.
  3238 | D:4      | Became a worshipper of Elyvilon the Healer
  3303 | D:4      | Found a sparkling altar of Nemelex Xobeh.
  3379 | D:4      | Found a blossoming altar of Fedhas.
  3409 | D:4      | Found a hide-covered altar of Uskayaw.
  3608 | D:4      | Fell from the grace of Elyvilon
  3608 | D:4      | Became a worshipper of Fedhas Madash
  3629 | D:5      | Entered Level 5 of the Dungeon
  3962 | D:5      | Noticed an ogre
  3965 | D:5      | Killed an ogre
  3966 | D:5      | Reached XP level 7. HP: 33/53 MP: 0/0
  3966 | D:5      | Learned a level 3 spell: Ozocubu's Armour
  4053 | D:5      | Noticed a water moccasin
  4056 | D:5      | Killed a water moccasin
  4057 | D:5      | Reached skill level 5 in Fighting
  4433 | D:6      | Reached skill level 5 in Spellcasting
  4433 | D:6      | Reached XP level 8. HP: 56/61 MP: 0/0
  4446 | D:6      | Reached skill level 6 in Fighting
  4814 | D:6      | Reached * piety under Fedhas
  4835 | D:6      | Found Buacw's Weapon Emporium.
  4888 | D:6      | Found a staircase to the Ecumenical Temple.
  5060 | D:6      | Found a burning altar of Makhleb.
  5063 | D:6      | Reached skill level 7 in Fighting
  5133 | D:6      | Reached XP level 9. HP: 43/68 MP: 0/0
  5133 | D:6      | Learned a level 3 spell: Dazzling Flash
  5423 | D:7      | Noticed Pikel
  5477 | D:7      | Killed Pikel
  5478 | D:7      | Reached skill level 8 in Fighting
  5573 | D:7      | Reached ** piety under Fedhas
  5626 | D:7      | Reached skill level 1 in Invocations
  5994 | D:8      | Reached XP level 10. HP: 75/77 MP: 0/0
  6107 | D:8      | Found an ornate altar of the Wu Jian Council.
  6125 | D:8      | Reached skill level 9 in Fighting
  6459 | D:8      | Reached *** piety under Fedhas
  7472 | D:9      | Reached skill level 5 in Invocations
  7675 | D:10     | Entered Level 10 of the Dungeon
  7675 | D:10     | Noticed a centaur warrior
  7682 | D:10     | Killed a centaur warrior
  7683 | D:10     | Reached XP level 11. HP: 33/85 MP: 0/0
  7683 | D:10     | Learned a level 4 spell: Flame Wave
  7769 | D:10     | Reached skill level 10 in Fighting
  7770 | D:10     | Noticed a two-headed ogre
  7801 | D:10     | Killed a two-headed ogre
  8331 | D:10     | Found a staircase to the Lair.
  8346 | D:10     | Reached **** piety under Fedhas
  8502 | D:10     | Reached skill level 1 in Armour
  8983 | D:11     | Noticed a two-headed ogre
  8987 | D:11     | Killed a two-headed ogre
  8991 | D:11     | Reached skill level 11 in Fighting
  9431 | Lair:1   | Entered Level 1 of the Lair of Beasts
  9556 | Lair:1   | Reached skill level 10 in Spellcasting
  9664 | Lair:1   | Reached XP level 12. HP: 54/94 MP: 0/0
  9671 | Lair:1   | Slain by a komodo dragon

Illustrated notes

Levels and vault maps discovered:
D:1:      dpeg_arrival_tiny_h, layout_loops_ring, basic_ecumenical_altar
D:2:      minmay_door_path, layout_loops_ring, minmay_misc_feat_rugged
D:3:      layout_basic
D:4:      layout_cave_pools, mainiacjoe_overflow_small_starburst,
          fedhas_altar_fruit_tree, mainiacjoe_overflow_catch_the_wave
D:5:      layout_loops_cross, kennysheep_generic_room_3
D:6:      layout_loops_ring, grunt_temple_overflow_lords_of_destruction,
          temple_fountains, serial_shops, shop, chequers_serial_rivers_room_a
D:7:      layout_cave_pools, uniq_pikel
D:8:      layout_loops_ring, nzn_wu_jian_contemplation, minmay_misc_feat_alley
D:9:      layout_loops_corners
D:10:     layout_cave_pools, grunt_lair_entry_orc_guard_hut, kennysheep_diamond,
          grunt_decor_resistance
D:11:     layout_long_grid, amethyst_killhole
Lair:1:   layout_regular_city, nicolae_volcano_entry_vermiform

Skill      XL: |  1  2  3  4  5  6  7  8  9 10 11 |
---------------+----------------------------------+-----
Fighting       | 1 2 3 4 5 7 8 9 11 | 11.3
Spellcasting   | 3 4 5 6 7 8 10 | 10.1
Dodging        | 3 |  3.0
Invocations    | 2 5 6 |  6.0
Armour         | 2 |  2.8
Stealth        | |  1.5

Action                   |  1- 3 |  4- 6 |  7- 9 | 10-12 || total
-------------------------+-------+-------+-------+-------++-------
Melee: Dagger            |       |     9 |    19 |    28 ||    56
       Headbutt          |       |       |     1 |       ||     1
 Fire: Hunting sling     |     5 |       |       |       ||     5
 Cast: Shock             |    53 |    74 |   156 |   130 ||   413
       Static Discharge  |     6 |       |    42 |    68 ||   116
       Airstrike         |       |     4 |     8 |    27 ||    39
       Ozocubu's Armour  |       |       |     6 |    10 ||    16
       Beastly Appendage |       |       |     1 |       ||     1
       Dazzling Flash    |       |       |     2 |       ||     2
       Flame Wave        |       |       |       |     8 ||     8
  Use: Scroll            |       |       |     5 |     5 ||    10
 Stab: Sleeping          |       |       |     2 |       ||     2
Armor: Robe              |       |     3 |     9 |    22 ||    34
       Acid dragon scale |       |       |       |    14 ||    14
Dodge: Dodged            |    10 |    10 |    51 |    94 ||   165

Table legend: (Time is in decaauts)
 A = Elapsed time spent in this place.
 B = Non-inter-level travel time spent in this place.
 C = Inter-level travel time spent in this place.
 D = Time resting spent in this place.
 E = Time spent auto-exploring this place.
 F = Levels seen in this place.
 G = Mean time per level.
                   A        B        C        D        E       F      G
               +--------+--------+--------+--------+--------+-----+--------+
         Total |   9683 |   9221 |    462 |    849 |   6899 |  12 |  806.9 |
       Dungeon |   9443 |   8981 |    462 |    803 |   6899 |  11 |  858.5 |
          Lair |    239 |    239 |      0 |     46 |      0 |   1 |  239.0 |
               +--------+--------+--------+--------+--------+-----+--------+

Top non-repeatable levels by time:
     D:2: 1372 daAuts
     D:9: 1054 daAuts
     D:1: 976 daAuts
    D:10: 963 daAuts
     D:5: 904 daAuts
     D:8: 855 daAuts
     D:6: 807 daAuts
     D:3: 729 daAuts
    D:11: 678 daAuts
     D:4: 550 daAuts
     D:7: 549 daAuts
  Lair:1: 239 daAuts
